[Event "ETCC Women 2013"]
[Site "Warsaw"]
[Date "2013.11.12"]
[Round "5"]
[White "Arabidze, Meri"]
[Black "Mkrtchian, Lilit"]
[Result "1/2-1/2"]
[ECO "E21"]
[WhiteElo "2374"]
[BlackElo "2447"]
[PlyCount "97"]
[EventDate "2013.??.??"]
[EventCountry "POL"]
[WhiteTeam "Georgia"]
[BlackTeam "Armenia"]
[WhiteTeamCountry "GEO"]
[BlackTeamCountry "ARM"]
[TimeControl "40/5400+30:1800+30"]

1. d4 Nf6 2. c4 e6 3. Nf3 b6 4. Nc3 Bb4 5. e3 O-O 6. Bd3 d5 7. cxd5 exd5 8.
O-O Ba6 9. Bxa6 Nxa6 10. a3 Bxc3 11. bxc3 c5 12. a4 Re8 13. Ba3 c4 14. Qc2 Ne4 15. Rae1 Nb8 16. g3 g6 17. Nh4 f5 18. f3 Nf6 19. Nxf5 gxf5 20. Qxf5 Nc6 21. e4 Kg7 22. e5 Ng8 23. Qg4+ Kh8 24. f4 Qc7 25.
f5 Qf7 26. Qf3 Rad8 27. Bc1 Nce7 28. g4 Rf8 29. Qg3 Qg7 30. f6 Nxf6 31. exf6 Rxf6 32. Rxf6 Qxf6 33. g5 Qg7 34. Qc7 Re8 35. Qxa7 Qf7 36. Qxb6 Ng8 37. Rf1 Qd7 38. Bf4 Qg4+ 39. Kh1 Re2 40. Be5+ Rxe5 41. dxe5 Qe4+ 42. Kg1 Qg4+ 43. Kf2 Qf5+ 44. Ke1 Qe4+ 45. Kf2 Qf5+ 46. Kg1 Qg4+ 47. Kh1 Qe4+ 48. Kg1 Qg4+ 49. Kh1 1/2-1/2

[Event "ETCC Women 2013"]
[Site "Warsaw"]
[Date "2013.11.12"]
[Round "5"]
[White "Bartel, Marta"]
[Black "Shvayger, Yuliya"]
[Result "1/2-1/2"]
[ECO "D70"]
[WhiteElo "2308"]
[BlackElo "2294"]
[PlyCount "145"]
[EventDate "2013.??.??"]
[EventCountry "POL"]
[WhiteTeam "Poland"]
[BlackTeam "Israel"]
[WhiteTeamCountry "POL"]
[BlackTeamCountry "ISR"]
[TimeControl "40/5400+30:1800+30"]

1. d4 Nf6 2. c4 g6 3. Nf3 Bg7 4. Nc3 d5 5. h4 dxc4 6. e4 c5 7. d5 b5 8. h5 O-O
9. hxg6 fxg6 10. e5 Ng4 11. d6 Bb7 12. Bg5 Nxe5 13. Nxe5 Qxd6 14. Ng4 Qe6+ 15.
Qe2 Qxe2+ 16. Bxe2 Bxg2 17. Rg1 Bc6 18. Bxe7 Re8 19. Bxc5 Nd7 20. Be3 h5 21.
Nh2 Ne5 22. O-O-O Rad8 23. Rxd8 Rxd8 24. Rd1 Nd3+ 25. Bxd3 cxd3 26. Rg1 Kf7 27.
Kd2 b4 28. Nd1 Be4 29. Rg5 Bf5 30. Nf3 Rc8 31. Nd4 Bxd4 32. Rxf5+ gxf5 33. Bxd4
h4 34. Kxd3 Ke6 35. Be3 Ke5 36. f4+ Kd5 37. Nf2 Rg8 38. Ke2 Rg3 39. Nh1 Rg2+
40. Nf2 a5 41. Bb6 a4 42. Bd8 h3 43. Kf3 Rg8 44. Bg5 h2 45. Kg2 Rc8 46. Kxh2
Rc2 47. Kg3 Rxb2 48. Nd3 Rb1 49. Kf3 b3 50. axb3 Rxb3 51. Ke2 a3 52. Bf6 a2 53.
Ne1 Ke4 54. Be5 Rh3 55. Nc2 Rh2+ 56. Kd1 Kd3 57. Ne1+ Ke4 58. Nc2 Rh1+ 59. Kd2
Rf1 60. Ke2 Rxf4 61. Bxf4 Kxf4 62. Kf2 Ke4 63. Ke2 Kf4 64. Kf2 Kg4 65. Kg2 f4
66. Kf2 f3 67. Na1 Kf4 68. Nc2 Ke4 69. Na1 Kd3 70. Kxf3 Kc3 71. Ke3 Kb2 72. Kd2
Kxa1 73. Kc2 1/2-1/2

[Event "ETCC Women 2013"]
[Site "Warsaw"]
[Date "2013.11.12"]
[Round "5"]
[White "Bhatia, Kanwal K"]
[Black "Nazarova, Anastasia"]
[Result "1/2-1/2"]
[ECO "B27"]
[WhiteElo "2039"]
[BlackElo "1727"]
[PlyCount "102"]
[EventDate "2013.??.??"]
[EventCountry "POL"]
[WhiteTeam "England"]
[BlackTeam "Finland"]
[WhiteTeamCountry "ENG"]
[BlackTeamCountry "FIN"]
[TimeControl "40/5400+30:1800+30"]

1. e4 c5 2. Nf3 g6 3. c3 Bg7 4. d4 cxd4 5. cxd4 d5 6. exd5 Nf6 7. Bb5+ Nbd7 8.
d6 exd6 9. Qe2+ Qe7 10. Bf4 Qxe2+ 11. Bxe2 d5 12. Nc3 O-O 13. O-O Nb6 14. Nb5 Bd7 15. Rfe1 Bxb5 16. Bxb5 a6 17. Bd3 Rfe8 18. Rxe8+ Rxe8 19. Rc1 Rc8 20. Rxc8+ Nxc8 21. Ne5 Ne7 22. Kf1 Nh5 23. Be3 f5 24. g3 Nf6 25. f3 Kf8 26. Ke2 Ke8 27. Bc2 Nd7 28. f4 Nf6 29. Bb3 Kd8 30.
Bd2 Nc6 31. Kd3 Kc7 32. h3 Bf8 33. Be1 Bb4 34. Bxb4 Nxb4+ 35. Ke3 Nc6 36. Nd3 b6 37. Ne5 Kd6 38. Bd1 Nb4 39. a3 Nc6 40. Be2 a5 41. g4 Ne7 42. g5 Ne4 43. Bb5 Kc7 44. Ba4 Nd6 45. Kd2 Ne4+ 46. Ke3 Nd6 47. Kd3 b5 48. Bb3 Nc4 49. Kc3 Nd6 50. Kd2 Nc4+ 51. Kc3 Nd6 1/2-1/2

[Event "ETCC Women 2013"]
[Site "Warsaw"]
[Date "2013.11.12"]
[Round "5"]
[White "Bojkovic, Natasa"]
[Black "Alexandrova, Olga"]
[Result "1/2-1/2"]
[ECO "B40"]
[WhiteElo "2405"]
[BlackElo "2427"]
[PlyCount "166"]
[EventDate "2013.??.??"]
[EventCountry "POL"]
[WhiteTeam "Serbia"]
[BlackTeam "Spain"]
[WhiteTeamCountry "SRB"]
[BlackTeamCountry "ESP"]
[TimeControl "40/5400+30:1800+30"]

1. e4 c5 2. Nf3 e6 3. c3 d5 4. exd5 Qxd5 5. d4 Nf6 6. Bd3 Be7 7. O-O O-O 8. Qe2 Nc6 9. Be3 Rd8 10. a3 b6 11. b4 Bb7 12. Nbd2 cxd4 13.
cxd4 Rac8 14. Rac1 h6 15. h3 Bf8 16. Bc4 Qh5 17. Ba6 Bxa6 18.
Qxa6 Qd5 19. b5 Ne7 20. Rxc8 Rxc8 21. Qxa7 Qxb5 22. Rb1 Qa5 23.
Qxb6 Qxa3 24. Nf1 Nfd5 25. Qb3 Qd6 26. Ne5 f6 27. Nc4 Qd7 28.
Nfd2 Nf5 29. Qb7 Rc7 30. Qb8 Nc3 31. Re1 Rb7 32. Qa8 Nd5 33. Nf3 Ra7 34. Qb8 Qc7 35. Qxc7 Rxc7 36. Nb2 Rc2 37. Nd1 Bb4 38. Rf1 Kf7 39. g4 Nd6 40. Ne1 Re2 41. Nd3 Ba5 42. Kg2 Nxe3+ 43. Nxe3 Rd2 44. Rd1 Rxd1 45. Nxd1 Nb5 46. d5 exd5 47. Ne3 d4 48. Nc4 Bc7 49. Kf3 Nc3 50. Nc5 Ke7 51. h4 g6 52. h5 gxh5 53. gxh5 f5 54. Nb3 Nb5 55.
Ke2 Ke6 56. Kd3 Kd5 57. Ncd2 Be5 58. Nf1 Nc7 59. f4 Bxf4 60.
Nxd4 Ke5 61. Nc6+ Kf6 62. Ke2 Nd5 63. Kf3 Kg5 64. Nd8 Kxh5 65.
Ne6 Be5 66. Ne3 Ne7 67. Nxf5 Nxf5 68. Ke4 Kg4 69. Kxe5 h5 70. Ke4 h4 71. Nf4 Nd6+ 72. Ke3 Nc4+ 73. Ke4 Kg3 74. Ne2+ Kg2 75. Nf4+ Kf2 76. Nh3+ Kg3 77. Nf4 Kg4 78. Nd3 Nb2 79. Nxb2 h3 80. Nd3 Kg3 81. Ke3 h2 82.
Nf2 Kg2 83. Ke2 Kg1 1/2-1/2

[Event "ETCC Women 2013"]
[Site "Warsaw"]
[Date "2013.11.12"]
[Round "5"]
[White "Borsuk, Angela"]
[Black "Toma, Katarzyna"]
[Result "0-1"]
[ECO "D91"]
[WhiteElo "2186"]
[BlackElo "2282"]
[PlyCount "144"]
[EventDate "2013.??.??"]
[EventCountry "POL"]
[WhiteTeam "Israel"]
[BlackTeam "Poland"]
[WhiteTeamCountry "ISR"]
[BlackTeamCountry "POL"]
[TimeControl "40/5400+30:1800+30"]

1. d4 Nf6 2. c4 g6 3. Nc3 d5 4. Nf3 Bg7 5. Bg5 dxc4 6. Qa4+ c6 7. Qxc4 O-O 8.
e3 Be6 9. Qd3 Qa5 10. Be2 c5 11. Qb5 Qxb5 12. Nxb5 Rc8 13. O-O Nbd7 14. Rfd1 h6 15. Bh4 a6 16. Nc3 g5 17. Bg3 g4 18. Ne5 cxd4 19. exd4 Nb6 20. f3 gxf3 21. Bxf3 Nbd5 22. Na4 Bf5 23. Rdc1 Rd8 24. Nc5 b6 25.
Na4 Be4 26. Be2 Nd7 27. Bh5 Nxe5 28. dxe5 Rac8 29. Rf1 f5 30.
exf6 Bxf6 31. Bf3 Bxf3 32. Rxf3 b5 33. Nc3 Nxc3 34. bxc3 Bxc3 35. Raf1 Rd2 36. Bf4 Rxa2 37. Bxh6 Bf6 38. Rg3+ Kh7 39. Bg5 Bd4+ 40. Be3 Bf6 41. Bg5 Rc6 42. Bxf6 Rxf6 43. Re1 Kh6 44. h3 Rg6 45.
Rxg6+ Kxg6 46. Rxe7 b4 47. Rb7 a5 48. Rb5 Ra3 49. Kf2 b3 50.
Ke2 a4 51. Kd3 Ra2 52. Kc3 Rxg2 53. Rb4 Rc2+ 54. Kd3 Rc1 55. Kd2 Rh1 56. h4 Kh5 57. Kc3 Rxh4 58. Rb5+ Kg6 59. Ra5 Kf6 60. Ra6+ Ke5 61. Ra5+ Kd6 62. Ra6+ Kc5 63. Ra5+ Kb6 64. Ra8 Rg4 65. Kb2 Rg2+ 66. Kc3 Rc2+ 67. Kd3 Kb5 68. Rb8+ Ka5 69. Rb7 Rc6 70. Kd2 Rb6 71. Ra7+ Kb4 72. Kc1 Ka3 0-1

[Event "ETCC Women 2013"]
[Site "Warsaw"]
[Date "2013.11.12"]
[Round "5"]
[White "Brunello, Marina"]
[Black "Finnbogadottir, Tinna Kristin"]
[Result "1-0"]
[ECO "B01"]
[WhiteElo "2248"]
[BlackElo "1882"]
[PlyCount "73"]
[EventDate "2013.??.??"]
[EventCountry "POL"]
[WhiteTeam "Italy"]
[BlackTeam "Iceland"]
[WhiteTeamCountry "ITA"]
[BlackTeamCountry "ISL"]
[TimeControl "40/5400+30:1800+30"]

1. e4 d5 2. exd5 Nf6 3. c4 c6 4. Nc3 cxd5 5. cxd5 Nxd5 6. d4 Nc6 7. h3 g6 8. Nf3 Bg7 9. Bb5 O-O 10. O-O Bf5 11. Bg5 Nc7 12. Bxc6 bxc6 13. Qa4 Qd6 14. Rac1 Rfb8 15. b3 Nb5 16. Rfe1 Bf6 17. Bxf6 Qxf6 18. Ne5 Rd8 19. Nxc6 Qxc6 20. Nxb5 Qb6 21. Rxe7 a6 22. Na3 Rxd4 23. Re8+ Kg7 24. Nc4 Qa7 25. Rxa8 Qxa8 26. Qa5 Rd5 27. Qc3+ f6 28. Nb6 Qd8 29. Nxd5 Qxd5 30. Qe3 Qd6 31. Re1 Qc6 32. Qe7+ Kh6 33.
Qf8+ Kg5 34. Qb4 Qd5 35. g3 Kh6 36. Qh4+ Kg7 37. Re7+ 1-0

[Event "ETCC Women 2013"]
[Site "Warsaw"]
[Date "2013.11.12"]
[Round "5"]
[White "Cemhan, Kardelen"]
[Black "Papp, Petra"]
[Result "1/2-1/2"]
[ECO "C45"]
[WhiteElo "1993"]
[BlackElo "2300"]
[PlyCount "94"]
[EventDate "2013.??.??"]
[EventCountry "POL"]
[WhiteTeam "Turkey"]
[BlackTeam "Hungary"]
[WhiteTeamCountry "TUR"]
[BlackTeamCountry "HUN"]
[TimeControl "40/5400+30:1800+30"]

1. e4 e5 2. Nf3 Nc6 3. d4 exd4 4. Nxd4 Bc5 5. Nb3 Bb6 6. Nc3 Nf6 7. Qe2 O-O 8. Be3 d5 9. Bxb6 axb6 10. O-O-O Re8 11. f3 Na5 12. Nxa5 Rxa5 13. Qd2 c6 14. Bc4 b5 15. Bb3 d4 16. e5 Nd7 17. Ne4 Nxe5 18.
Qxd4 Qxd4 19. Rxd4 Nc4 20. Nd6 Nxd6 21. Rxd6 Kf8 22. Rhd1 Ra8 23. a3 Bf5 24. g4 Be6 25. Bxe6 fxe6 26. R1d3 e5 27. Rd7 Re7 28. Rxe7 Kxe7 29. Kd2 Rf8 30. Ke3 g5 31. Rd2 Rf6 32. b3 h5 33. h3 Rf4 34. Rg2 Kf6 35. Rd2 Ke7 36. Rg2 Kf6 37. Rd2 hxg4 38.
hxg4 e4 39. fxe4 Ke5 40. Rd7 Rxe4+ 41. Kf3 Rf4+ 42. Kg3 Rd4 43.
Re7+ Kd6 44. Rg7 Rd2 45. Rxg5 Rxc2 46. Rf5 Ra2 47. g5 Rxa3 1/2-1/2

[Event "ETCC Women 2013"]
[Site "Warsaw"]
[Date "2013.11.12"]
[Round "5"]
[White "Collas, Silvia"]
[Black "Abdulla, Khayala"]
[Result "0-1"]
[ECO "A15"]
[WhiteElo "2292"]
[BlackElo "2255"]
[PlyCount "134"]
[EventDate "2013.??.??"]
[EventCountry "POL"]
[WhiteTeam "France"]
[BlackTeam "Azerbaijan"]
[WhiteTeamCountry "FRA"]
[BlackTeamCountry "AZE"]
[TimeControl "40/5400+30:1800+30"]

1. c4 Nf6 2. g3 e6 3. Bg2 d5 4. Nf3 b6 5. O-O Bb7 6. b3 Bd6 7. Bb2 Nbd7 8.
Nc3 O-O 9. Rc1 c6 10. d3 Re8 11. Qc2 Rc8 12. e4 dxe4 13. dxe4 e5 14. Rcd1 Qc7 15. Rd2 Rcd8 16. a3 Nf8 17. b4 Ne6 18. Rfd1 Qb8 19. Qb3 c5 20.
Nd5 Nxe4 21. Re2 N6g5 22. Nh4 Nf6 23. Nf5 Nxd5 24. cxd5 f6 25.
Nxd6 Rxd6 26. Rde1 e4 27. bxc5 Bxd5 28. Qc3 bxc5 29. h4 Nf7 30. Qxc5 Ne5 31. Rd1 Rc8 32. Qa5 Qb3 33. Bxe5 Qxd1+ 34. Re1 Ra6 35. Qxa6 Qxe1+ 36. Kh2 Re8 37. Bd4 Qd2 38. Qxa7 Bf7 39. a4 Rd8 40. Bb6 Re8 41. a5 Qd3 42. Qb7 Bc4 43. Qc6 Bb5 44. Qc5 Qc4 45. Qd6 Qe6 46. Qc5 Qe5 47. Qa3 Ba6 48. Qa4 Qb5 49. Qa3 Qd3 50. Qa4 Bb5 51. Qb4 Qe2 52. Qd6 Qc4 53. Qa3 Ba6 54.
Qd6 Qe6 55. Qb4 f5 56. Be3 Rd8 57. Qb2 h6 58. Bh3 Kh7 59. Bf4 Rd5 60. Qc3 Qd7 61. Bc7 e3 62. fxe3 Rd2+ 63. Kg1 Ra2 64. Qc1 Qd5 65. Qb1 Bd3 66. Qd1 Rb2 67. Bf1 Rb1 0-1

[Event "ETCC Women 2013"]
[Site "Warsaw"]
[Date "2013.11.12"]
[Round "5"]
[White "Corke, Anya S"]
[Black "Puuska, Heini"]
[Result "1-0"]
[ECO "B06"]
[WhiteElo "2276"]
[BlackElo "1982"]
[PlyCount "73"]
[EventDate "2013.??.??"]
[EventCountry "POL"]
[WhiteTeam "England"]
[BlackTeam "Finland"]
[WhiteTeamCountry "ENG"]
[BlackTeamCountry "FIN"]
[TimeControl "40/5400+30:1800+30"]

1. d4 g6 2. e4 Bg7 3. Nc3 d6 4. Be3 a6 5. a4 Nc6 6. f3 e5 7. d5 Nce7 8. g4 f5 9. h3 f4 10. Bf2 h5 11. g5 h4 12. Nge2 c6 13. a5 cxd5 14. Bb6 Qd7 15. Nxd5 Nxd5 16. Qxd5 Ne7 17. Qd3 d5 18. Rd1 dxe4 19. Qxe4 Qc6 20. Nc3 Bf5 21. Qxc6+ Nxc6 22. Ne4 Bxe4 23. fxe4 Nd4 24. Kf2 Nxc2 25. Rd6 Rc8 26. Rxg6 Kf7 27. Rd6 Ke7 28. Rd5 Rc6 29. Bc5+ Kf7 30. Bd3 Rhc8 31. b4 Nd4 32. Rd7+ Kg6 33. Bxd4 exd4 34. e5+ Kxg5 35. Rg1+ Kh6 36. Rdxg7 Re8 37. Rh7# 1-0

[Event "ETCC Women 2013"]
[Site "Warsaw"]
[Date "2013.11.12"]
[Round "5"]
[White "Cosma, Elena-Luminita"]
[Black "Van Weersel, Arlette"]
[Result "1/2-1/2"]
[ECO "A48"]
[WhiteElo "2326"]
[BlackElo "2180"]
[PlyCount "81"]
[EventDate "2013.??.??"]
[EventCountry "POL"]
[WhiteTeam "Romania"]
[BlackTeam "Netherlands"]
[WhiteTeamCountry "ROU"]
[BlackTeamCountry "NED"]
[TimeControl "40/5400+30:1800+30"]

1. d4 Nf6 2. Nf3 g6 3. Nbd2 d5 4. e3 Bg7 5. b4 O-O 6. c4 c6 7. Bb2 a5 8. b5 dxc4 9. Bxc4 cxb5 10. Bxb5 Bf5 11. O-O Na6 12. Qe2 Qb6 13. a4 Nc7 14. Nc4 Qa7 15. Na3 Nxb5 16. Nxb5 Qb6 17. Ne5 Rfc8 18. Rfc1 Qd8 19. h3 Ne4 20. Nc4 Rc6 21. Ne5 Bxe5 22. dxe5 Qd2 23. Qxd2 Nxd2 24. Nd4 Rxc1+ 25. Rxc1 Bd7 26. Rc2 Ne4 27. Rc7 Bxa4 28. Rxb7 e6 29. Ba3 Nd2 30. Bc1 Nc4 31. Rc7 Nxe5 32. Bd2 Nd3 33. Rc3 Ne5 34. Rc5 Nd7 35. Rxa5 Rxa5 36. Bxa5 e5 37. Nf3 f6 38. Nd2 Kf7 39. e4 Nc5 40. f3 Ke6 41. Bc3 1/2-1/2

[Event "ETCC Women 2013"]
[Site "Warsaw"]
[Date "2013.11.12"]
[Round "5"]
[White "Danielian, Elina"]
[Black "Dzagnidze, Nana"]
[Result "1-0"]
[ECO "D10"]
[WhiteElo "2457"]
[BlackElo "2556"]
[PlyCount "111"]
[EventDate "2013.??.??"]
[EventCountry "POL"]
[WhiteTeam "Armenia"]
[BlackTeam "Georgia"]
[WhiteTeamCountry "ARM"]
[BlackTeamCountry "GEO"]
[TimeControl "40/5400+30:1800+30"]

1. d4 d5 2. c4 c6 3. Nc3 Nf6 4. cxd5 cxd5 5. Bf4 a6 6. e3 e6 7. Bd3 Bd6 8.
Bxd6 Qxd6 9. Nf3 Nc6 10. O-O O-O 11. Rc1 Bd7 12. a3 Rfd8 13. h3 Rac8 14. Qe2 Ne8 15. Rfd1 f5 16. Nd2 Nf6 17. Nb3 Be8 18. Nc5 Rc7 19. b4 Bh5 20.
f3 Ne4 21. Qe1 Nxc5 22. bxc5 Qf8 23. Qh4 Qf7 24. Rd2 Kh8 25. f4 Bg6 26. Rb1 Qf6 27. Qxf6 gxf6 28. Rb6 Rg8 29. Rdb2 Rgg7 30. Kf2 Bh5 31. Na2 Kg8 32. Nb4 Be8 33. Be2 Kf8 34. Bf3 Rge7 35. g4 fxg4 36. hxg4 Nxb4 37. axb4 Bc6 38. Kg3 Rg7 39. Rh2 Rce7 40. Be2 e5 41. dxe5 fxe5 42. f5 Ref7 43. Bxa6 d4 44. exd4 Rxf5 45. Be2 exd4 46. b5 Be8 47. Rxh7 Rxh7 48. gxf5 Rc7 49. Kf4 Rxc5 50. Rxb7 Bf7 51. b6 Bd5 52.
Rc7 Rxc7 53. bxc7 Bb7 54. Ke5 Ke7 55. f6+ Kd7 56. Bb5+ 1-0

[Event "ETCC Women 2013"]
[Site "Warsaw"]
[Date "2013.11.12"]
[Round "5"]
[White "Daulyte, Deimante"]
[Black "Raeva, Elitsa"]
[Result "0-1"]
[ECO "B01"]
[WhiteElo "2336"]
[BlackElo "2361"]
[PlyCount "126"]
[EventDate "2013.??.??"]
[EventCountry "POL"]
[WhiteTeam "Lithuania"]
[BlackTeam "Bulgaria"]
[WhiteTeamCountry "LTU"]
[BlackTeamCountry "BUL"]
[TimeControl "40/5400+30:1800+30"]

1. e4 d5 2. exd5 Nf6 3. d4 Nxd5 4. c4 Nb6 5. Nf3 g6 6. a4 a5 7. c5 Nd5 8.
Bc4 Bg7 9. Qb3 c6 10. Nc3 O-O 11. Bg5 Nb4 12. O-O Nd7 13. Rfe1 Nf6 14. Ne5 Nfd5 15. Bh4 Bf5 16. Rac1 Bh6 17. g4 Bxc1 18. gxf5 Bd2 19. Re2 Bh6 20. Bxd5 cxd5 21. Ng4 Bg7 22. Bxe7 Qd7 23. Bxf8 Qxf5 24. Nh6+ Bxh6 25. Bxh6 Qg4+ 26. Kh1 Qf3+ 27. Kg1 Qg4+ 28. Kh1 Qh3 29. Qd1 Qxh6 30. Re3 Qh4 31. Kg1 Ra6 32. Ne2 Rf6 33. f4 Qg4+ 34. Rg3 Qf5 35. Qd2 Qb1+ 36. Kg2 Qe4+ 37. Kg1 Re6 38. Nc3 Qe1+ 39. Qxe1 Rxe1+ 40. Kf2 Rc1 41. Ne2 Rc2 42. b3 Rb2 43. Ke1 Kg7 44. Kd1 Kf6 45. Re3 Rb1+ 46. Kd2 Rh1 47. h3 Rh2 48. Kd1 h5 49. Nc3 h4 50. Nb5 Kf5 51. Nd6+ Kxf4 52. Rc3 f5 53. Nxb7 g5 54. Nxa5 g4 55.
hxg4 fxg4 56. c6 g3 57. Ke1 Rh1+ 58. Ke2 g2 59. Rf3+ Kg5 60.
Rf5+ Kxf5 61. c7 Re1+ 62. Kxe1 g1=Q+ 63. Ke2 Qh2+ 0-1

[Event "ETCC Women 2013"]
[Site "Warsaw"]
[Date "2013.11.12"]
[Round "5"]
[White "De Seroux, Camille"]
[Black "Sikorova, Olga"]
[Result "0-1"]
[ECO "C07"]
[WhiteElo "2066"]
[BlackElo "2278"]
[PlyCount "108"]
[EventDate "2013.??.??"]
[EventCountry "POL"]
[WhiteTeam "Switzerland"]
[BlackTeam "Czech Republic"]
[WhiteTeamCountry "SUI"]
[BlackTeamCountry "CZE"]
[TimeControl "40/5400+30:1800+30"]

1. e4 e6 2. d4 d5 3. Nd2 c5 4. exd5 Qxd5 5. Ngf3 cxd4 6. Bc4 Qd6 7. O-O Nf6 8. Nb3 Nc6 9. Nbxd4 Nxd4 10. Nxd4 a6 11. Re1 Qc7 12. Bb3 Bd7 13. Qf3 Bd6 14. h3 O-O-O 15. Bg5 Qc5 16. Qe3 h6 17. Bh4 Qc7 18. Rad1 Bf4 19. Qf3 g5 20. Bg3 e5 21. Bxf4 gxf4 22. Ne2 Bc6 23. Qc3 Rdg8 24. f3 Rg6 25. Kh1 Rhg8 26. Rg1 e4 27. Nd4 Nh5 28.
Nxc6 Rxc6 29. Qe1 Ng3+ 30. Kh2 e3 31. Rd4 Rd8 32. Qb4 Rxd4 33.
Qxd4 Ne2 34. Qh8+ Qd8 35. Qxd8+ Kxd8 36. Rd1+ Ke7 37. c3 f6 38. Bd5 Rd6 39. c4 b5 40. c5 Rxd5 41. Rxd5 Nc3 42. Rd4 e2 43.
bxc3 f5 44. c6 e1=Q 45. c4 bxc4 46. c7 Qg3+ 47. Kh1 Qg8 48. Rd5 c3 49. Rc5 Kd7 50. Rxc3 Kc8 51. Rc2 Qd5 52. Kh2 a5 53. a3 a4 54. Rc3 Qb3 0-1

[Event "ETCC Women 2013"]
[Site "Warsaw"]
[Date "2013.11.12"]
[Round "5"]
[White "Degrande, Marigje"]
[Black "Berke, Ana"]
[Result "1-0"]
[ECO "E00"]
[WhiteElo "1867"]
[BlackElo "2139"]
[PlyCount "95"]
[EventDate "2013.??.??"]
[EventCountry "POL"]
[WhiteTeam "Belgium"]
[BlackTeam "Croatia"]
[WhiteTeamCountry "BEL"]
[BlackTeamCountry "CRO"]
[TimeControl "40/5400+30:1800+30"]

1. d4 Nf6 2. c4 e6 3. a3 c5 4. e3 b6 5. Nc3 Bb7 6. Nf3 cxd4 7. Nxd4 Be7 8.
Nf3 O-O 9. Be2 a6 10. O-O d6 11. Nd2 Qc7 12. Bf3 Bxf3 13. Qxf3 Nbd7 14. Qe2 Rfc8 15. b3 b5 16. Bb2 bxc4 17. Nxc4 Rab8 18. Nd2 a5 19. Rfc1 Qb7 20. Na4 h6 21. h3 Ne5 22. Bc3 Qd5 23. Rab1 Nd3 24. Rd1 e5 25.
Nc4 e4 26. Nab6 Qf5 27. Nxc8 Rxc8 28. Bxf6 Qxf6 29. Nxa5 d5 30. b4 h5 31. Nb3 Bd6 32. Nc1 Qe5 33. g3 h4 34. Qg4 Rc2 35. Nxd3 exd3 36. Qxh4 Qf5 37. Rf1 Re2 38. Rbd1 d2 39. Kg2 g6 40. Qd4 Qe4+ 41. Qxe4 dxe4 42. Rh1 Be5 43. Kf1 Re1+ 44. Rxe1 dxe1=Q+ 45. Kxe1 Bb2 46. a4 Bc3+ 47. Ke2 Bxb4 48. Rb1 1-0

[Event "ETCC Women 2013"]
[Site "Warsaw"]
[Date "2013.11.12"]
[Round "5"]
[White "Dolzhikova, Olga"]
[Black "Srebrnic, Ana"]
[Result "1-0"]
[ECO "C41"]
[WhiteElo "2198"]
[BlackElo "2198"]
[PlyCount "119"]
[EventDate "2013.??.??"]
[EventCountry "POL"]
[WhiteTeam "Norway"]
[BlackTeam "Slovenia"]
[WhiteTeamCountry "NOR"]
[BlackTeamCountry "SLO"]
[TimeControl "40/5400+30:1800+30"]

1. e4 d6 2. d4 Nf6 3. Nc3 e5 4. Nf3 Nbd7 5. g4 g6 6. h3 Bg7 7. Be3 O-O 8.
Bg2 Re8 9. O-O c6 10. Qd2 b5 11. a3 a6 12. Rad1 Qc7 13. Ng5 h6 14. Nf3 h5 15.
g5 Nh7 16. d5 c5 17. Ne2 a5 18. Nh4 b4 19. a4 Ba6 20. Kh2 Nhf8 21. Rg1 Nb6 22. b3 Nfd7 23. Ng3 c4 24. Rc1 Nc5 25. Qd1 Bc8 26. Bf3 Qd7 27. Ngf5 gxf5 28. Nxf5 Kf8 29. Bh1 Nxd5 30. Qxd5 Ra6 31. Bxc5 dxc5 32. Qxc5+ Kg8 33. Rcd1 Qe6 34. Rd5 cxb3 35. cxb3 Rc6 36. Qxa5 Rc2 37. Rf1 Bb7 38. Rd8 Kh7 39. Rxe8 Qxe8 40. Qxb4 Ba6 41. Rd1 Rxf2+ 42. Kg3 Rc2 43. Bf3 Bc8 44. Nxg7 Kxg7 45. Rd6 Be6 46. h4 Qc8 47. Qa5 Rc5 48. Qb6 Rc3 49. Rd8 Rxb3 50. Qd6 Rxf3+ 51. Kxf3 Qc3+ 52. Qd3 Qe1 53. Kg2 Bg4 54. Re8 Qa1 55. Qg3 Bh3+ 56. Qxh3 Qb2+ 57. Kh1 Qc1+ 58. Kh2 Qd2+ 59. Qg2 Qe1 60. Qf3 1-0

[Event "ETCC Women 2013"]
[Site "Warsaw"]
[Date "2013.11.12"]
[Round "5"]
[White "Fakhiridou, Ekaterini"]
[Black "Wisniowska, Klaudia"]
[Result "0-1"]
[ECO "B52"]
[WhiteElo "2168"]
[BlackElo "2153"]
[PlyCount "126"]
[EventDate "2013.??.??"]
[EventCountry "POL"]
[WhiteTeam "Greece"]
[BlackTeam "Poland"]
[WhiteTeamCountry "GRE"]
[BlackTeamCountry "POL"]
[TimeControl "40/5400+30:1800+30"]

1. e4 c5 2. Nf3 d6 3. Bb5+ Bd7 4. Bxd7+ Qxd7 5. c4 Nc6 6. d4 cxd4 7. Nxd4 Nf6 8. Nc3 g6 9. f3 Bg7 10. Be3 O-O 11. O-O e6 12. Rc1 Rfd8 13. Qd2 Ne5 14. b3 d5 15. exd5 exd5 16. c5 Ne8 17. h3 Rac8 18. Nce2 Nf6 19. Rfd1 Re8 20. Bh6 Bh8 21. Rc2 Qe7 22. Rdc1 a6 23. Bg5 Bg7 24. Nf4 Qd7 25.
Nd3 Nc6 26. Nxc6 bxc6 27. Bf4 Nh5 28. Bd6 Bd4+ 29. Nf2 Be3 30.
Qc3 Ng7 31. Rd1 Nf5 32. Bh2 Nd4 33. Rb2 h5 34. Kh1 Nf5 35. Qd3 Bxc5 36. Qxa6 Qe7 37. Qd3 Qg5 38. f4 Qf6 39. Re2 Bxf2 40. Rxf2 Re3 41. Qa6 Rce8 42. Rff1 d4 43. Rc1 R8e6 44. Rfd1 h4 45. Qc8+ Kh7 46. Qd7 Rd6 47. Qc7 d3 48. a4 d2 49. Rb1 Qe6 50. a5 Re1+ 51. Bg1 Rxd1 52. Rxd1 Qxb3 53. Qxd6 Nxd6 54. Rxd2 Nc4 55. Rd4 Nxa5 56. f5 gxf5 57. Rxh4+ Kg6 58. Rd4 Nc4 59. Bf2 f6 60. Rd8 Qb1+ 61. Kh2 Qf1 62.
Bd4 Qf4+ 63. Kg1 Ne3 0-1

[Event "ETCC Women 2013"]
[Site "Warsaw"]
[Date "2013.11.12"]
[Round "5"]
[White "Galojan, Lilit"]
[Black "Khurtsidze, Nino"]
[Result "1/2-1/2"]
[ECO "E32"]
[WhiteElo "2301"]
[BlackElo "2462"]
[PlyCount "49"]
[EventDate "2013.??.??"]
[EventCountry "POL"]
[WhiteTeam "Armenia"]
[BlackTeam "Georgia"]
[WhiteTeamCountry "ARM"]
[BlackTeamCountry "GEO"]
[TimeControl "40/5400+30:1800+30"]

1. c4 Nf6 2. Nc3 e6 3. d4 Bb4 4. Qc2 O-O 5. e4 d5 6. e5 Ne4 7. Bd3 c5 8. Nf3 cxd4 9. Nxd4 Nd7 10. Bf4 Ndc5 11. O-O Nxd3 12. Qxd3 Bxc3 13. bxc3 b6 14. cxd5 exd5 15. Rfe1 Be6 16. f3 Nc5 17. Qd2 Qd7 18. Bg5 Rac8 19. Bf6 gxf6 20. Qh6 f5 21. Qg5+ Kh8 22. Qf6+ Kg8 23. Qg5+ Kh8 24. Qf6+ Kg8 25. Qg5+ 1/2-1/2

[Event "ETCC Women 2013"]
[Site "Warsaw"]
[Date "2013.11.12"]
[Round "5"]
[White "Gara, Anita"]
[Black "Ozturk, Kubra"]
[Result "1/2-1/2"]
[ECO "C78"]
[WhiteElo "2311"]
[BlackElo "2281"]
[PlyCount "140"]
[EventDate "2013.??.??"]
[EventCountry "POL"]
[WhiteTeam "Hungary"]
[BlackTeam "Turkey"]
[WhiteTeamCountry "HUN"]
[BlackTeamCountry "TUR"]
[TimeControl "40/5400+30:1800+30"]

1. e4 e5 2. Nf3 Nc6 3. Bb5 a6 4. Ba4 Nf6 5. O-O b5 6. Bb3 Bb7 7. d3 Be7 8.
Nc3 O-O 9. a3 d6 10. Re1 Na5 11. Ba2 c5 12. Bg5 Nc6 13. Bxf6 Bxf6 14. Nd5 g6 15. Nxf6+ Qxf6 16. Bd5 Rab8 17. c3 Nd8 18. d4 Bc8 19. Qd3 Bg4 20. dxe5 dxe5 21. Nd2 Ne6 22. Qe3 Nf4 23. g3 Nh3+ 24. Kg2 c4 25. f3 Bd7 26. Re2 Kg7 27. a4 bxa4 28. Nxc4 h5 29. Rf1 g5 30.
Qa7 Rbd8 31. Qc7 Bb5 32. Ree1 Rc8 33. Qxe5 Bxc4 34. Qxf6+ Kxf6 35.
Bxc4 Rxc4 36. Kxh3 Rb8 37. Re2 Kg6 38. f4 gxf4 39. Rxf4 Rb6 40. g4 a3 41. gxh5+ Kh6 42. bxa3 Rxc3+ 43. Kg4 f6 44. Ref2 Rcc6 45. Kh4 Re6 46. Rg2 Re5 47. Rg6+ Kh7 48. Kg4 Rbe6 49. Kf3 Rxh5 50. Rgxf6 Rh3+ 51. Kg4 Rxf6 52. Rxf6 Rxa3 53. e5 Kg7 54. Rf2 a5 55.
Kf5 Kf7 56. h4 Ra1 57. h5 Rh1 58. Ke4+ Ke7 59. Ra2 Ke6 60. Rxa5 Rh4+ 61. Ke3 Rxh5 62. Ra6+ Kd5 63. Kf4 Rh4+ 64. Kf5 Rh5+ 65. Kf4 Rh4+ 66. Kg5 Re4 67. Kf6 Rf4+ 68. Kg5 Re4 69. e6 Rxe6 70. Rxe6 Kxe6 1/2-1/2